 Dungeon Crawl Stone Soup version 0.29-a0-1009-g60c99734e7 (webtiles) character file.

Game seed: 8896576093787889600

1713 nickcage the Arsonist (level 9, 0/45 HPs)
             Began as a Tengu Fire Elementalist on Aug 8, 2022.
             Was a Follower of Vehumet.
             Slain by a bullfrog (6 damage)
             ... on level 8 of the Dungeon.
             The game lasted 00:16:58 (7762 turns).

nickcage the Arsonist (Tengu Fire Elementalist)     Turns: 7762, Time: 00:16:59

Health: 0/45       AC:  5    Str:  9    XL:     9   Next: 4%
Magic:  2/17       EV: 14    Int: 20    God:    Vehumet [*.....]
Gold:   357        SH:  0    Dex: 14    Spells: 9/17 levels left

rFire   . . .      SeeInvis .   k - +2 dagger (flame)
rCold   . . .      Faith    .   (no shield)
rNeg    . . .      Spirit   .   a - +0 robe
rPois   .          Reflect  .   (helmet restricted)
rElec   .          Harm     .   i - +1 cloak
rCorr   .          Rampage  .   e - +0 pair of gloves
Will    .....                   (boots unavailable)
Stlth   ++........              w - amulet of magic regeneration
HPRegen 0.15/turn               (no ring)
MPRegen 0.55/turn               (no ring)

@: flying quickly and evasively, quick
A: beak, talons 3, nimble flight
a: Renounce Religion


You were on level 8 of the Dungeon.
You worshipped Vehumet.
Vehumet was aware of your devotion.
You visited 2 branches of the dungeon, and saw 9 of its levels.

You collected 357 gold pieces.

Inventory:

Hand Weapons
 g - a +0 dagger
 k - a +2 dagger of flaming (weapon)
 u - a +0 rapier
Armour
 a - a +0 robe (worn)
 e - a +0 pair of gloves (worn)
 i - a +1 cloak (worn)
Jewellery
 t - a ring of ice
 w - an amulet of magic regeneration (around neck)
 y - a +4 ring of evasion
Wands
 s - a wand of iceblast (8)
Scrolls
 l - 3 scrolls of poison
 m - 8 scrolls of identify
 p - 3 scrolls of magic mapping
 q - a scroll of immolation
 r - 3 scrolls of teleportation
 x - a scroll of butterflies
Potions
 b - a potion of magic
 c - a potion of berserk rage {unknown}
 d - 7 potions of curing {unknown}
 f - a potion of haste {unknown}
 j - 5 potions of flight
 n - a potion of mutation {unknown}
 o - a potion of degeneration {unknown}
 v - a potion of brilliance {unknown}
 z - 2 potions of resistance {unknown}
 A - a potion of attraction {unknown}


   Skills:
 - Level 2.1 Dodging
 - Level 2.0 Stealth
 - Level 4.9 Spellcasting
 - Level 3.2 Conjurations
 * Level 11.0 Fire Magic
 - Level 2.1 Air Magic


You had 9 spell levels left.
You knew the following spells:

 Your Spells              Type           Power      Damage    Failure   Level
a - Foxfire               Conj/Fire      100%       2x1d9     1%          1
b - Scorch                Fire           98%        2d10      1%          2
c - Flame Wave            Conj/Fire      33%        2d10      6%          4
d - Shock                 Conj/Air       60%        1d6       4%          1

Your spell library contained the following spells:

 Spells                   Type           Power      Damage    Failure   Level
 Conjure Flame            Conj/Fire      33%        6-21      1%          3
 Magic Dart               Conj           68%        1d6       3%          1
 Inner Flame              Hex/Fire       27%        N/A       3%          3
 Searing Ray              Conj           34%        2d5       4%          2
 Apportation              Tloc           8%         N/A       12%         1
 Necrotise                Necr           16%        1d4       12%         1
 Sandblast                Erth           8%         2d5       12%         1
 Sting                    Tmut/Pois      16%        1d3       12%         1
 Summon Small Mammal      Summ           16%        N/A       12%         1
 Poisonous Vapours        Pois/Air       18%        N/A       12%         2
 Ensorcelled Hibernation  Hex/Ice        8%         N/A       19%         2
 Passwall                 Tmut/Erth      3%         N/A       19%         2
 Stone Arrow              Conj/Erth      22%        3d8       19%         3
 Call Canine Familiar     Summ           4%         N/A       34%         3
 Portal Projectile        Hex/Tloc       8%         N/A       34%         3
 Spider Form              Tmut/Pois      4%         N/A       34%         3
 Fulminant Prism          Conj/Hex       5%         3d7       52%         4
 Corpse Rot               Necr/Pois/Air  7%         N/A       65%         4
 Anguish                  Hex/Necr       2%         N/A       75%         4
 Dispel Undead            Necr           4%         3d7       75%         4
 Leda's Liquefaction      Hex/Erth       2%         N/A       75%         4
 Olgreb's Toxic Radiance  Pois           4%         N/A       75%         4
 Alistair's Intoxication  Tmut/Pois      2%         N/A       97%         5
 Conjure Ball Lightning   Conj/Air       7%         3x3d6     99%         6
 Death Channel            Necr           2%         N/A       100%        6
 Discord                  Hex            2%         N/A       100%        8
 Disjunction              Tloc           2%         N/A       100%        8


Dungeon Overview and Level Annotations

Branches:
Dungeon (8/15)             Temple (1/1) D:5
   Lair: D:8-11

Altars:
Ashenzari
Cheibriados
Elyvilon
Fedhas
Gozag
Hepliaklqana
Kikubaaqudgha
Nemelex Xobeh
Okawaru
Qazlal
Ru
Sif Muna
Trog
Uskayaw
Vehumet
Wu Jian
Xom
Yredelemnul
Zin
The Shining One


Innate Abilities, Weirdness & Mutations

You have a beak for a mouth.
You have claws for feet.
Your magical nature lets you fly swiftly and evasively.


Message History

Flames lash the wight.
The wight is burned terribly!
You destroy the wight!
Vehumet accepts your kill.
The wight is no longer more vulnerable to fire.
The bullfrog barely misses you.
Flames lash the wight.
The wight is severely damaged.
The wight's fire resistance burns away.
The bullfrog closely misses you. The bullfrog hits you.
You are too injured to fight recklessly!
Casting: Scorch (safe; 1% risk of failure)
Press: ? - help, Q - select action, (/) - cycle Dir - look around, f - activate Flames lash the wight.
The wight is burned terribly!
You destroy the wight!
Vehumet accepts your kill. The bullfrog completely misses you.
Your life force feels restored.
You have reached level 9!
Your experience leads to an increase in your attributes!
Increase (S)trength, (I)ntelligence, or (D)exterity?
You feel clever. x2
Casting: Scorch (safe; 1% risk of failure)
Press: ? - help, Q - select action, (/) - cycle Dir - look around, f - activate Flames lash the wight.
You destroy the wight!
Vehumet accepts your kill. The bullfrog barely misses you.
The bullfrog closely misses you.
Your Fire Magic skill increases to level 11!
Casting: Scorch (safe; 1% risk of failure)
Press: ? - help, Q - select action, (/) - cycle Dir - look around, f - activate Flames lash the bullfrog.
The bullfrog is burned terribly!
The bullfrog is severely wounded.
The bullfrog hits you.
* * * LOW HITPOINT WARNING * * *
You hit the bullfrog. You burn the bullfrog. Your kick misses the bullfrog.
The bullfrog is almost dead.
The bullfrog hits you.
* * * LOW HITPOINT WARNING * * *
The bullfrog hits you.
You die...

.........#
z.F.(....+ .
....... ..
#...# #+#
...##.#.####.#
#.....F.##.#
#.......##.#
#......)##.#
#......)F@.####
#.......##....#
######..##....#
#..##.##.#
##.##.##.#
.......<.#
......##.#
.........#
.......###


You could see a bullfrog (combustible).

Vanquished Creatures
  A shadow (D:7)
  A steam dragon (D:7)
  An ice beast (D:5)
  2 black bears (D:4)
  A centaur (D:7)
  3 bullfrogs
  A kobold brigand (D:7)
  A scorpion (D:5)
  3 wights (D:8)
  2 hounds (D:5)
  3 jellies
  2 orc priests
  2 iguanas (D:4)
  An orc wizard (D:6)
  11 gnolls
  10 adders
  A shadow imp (D:6)
  2 white imps (D:6)
  An ufetubus (D:5)
  2 worms
  13 orcs
  3 bats
  11 endoplasms
  5 giant cockroaches
  9 goblins
  5 hobgoblins
  3 jackals (D:4)
  8 kobolds
  2 quokkas
  4 ball pythons
  3 frilled lizards
  3 rats (D:1)
120 creatures vanquished.

Vanquished Creatures (others)
  33 foxfires
33 creatures vanquished.

Grand Total: 153 creatures vanquished

Notes
Turn   | Place    | Note
-------+----------+-------------------------------------------
     0 | D:1      | nickcage the Tengu Fire Elementalist began the quest for
                  | the Orb.
     0 | D:1      | Reached XP level 1. HP: 10/10 MP: 4/4
    50 | D:1      | Found a faded altar of an unknown god.
   416 | D:1      | Reached XP level 2. HP: 15/15 MP: 4/6
   485 | D:1      | Learned a level 2 spell: Scorch
   623 | D:1      | Reached skill level 4 in Fire Magic
  1280 | D:2      | Reached XP level 3. HP: 17/19 MP: 4/7
  1534 | D:3      | Found a hide-covered altar of Uskayaw.
  1773 | D:3      | Reached XP level 4. HP: 20/24 MP: 0/8
  1777 | D:3      | Reached skill level 5 in Fire Magic
  2113 | D:3      | Found a faded altar of an unknown god.
  2353 | D:2      | Gained mutation: Your magical nature lets you fly swiftly
                  | and evasively. [Tengu growth]
  2353 | D:2      | Reached XP level 5. HP: 28/28 MP: 7/10
  3712 | D:4      | Got the Folio of Putrescence
  3718 | D:4      | Learned a level 4 spell: Flame Wave
  4051 | D:4      | Noticed a black bear
  4056 | D:4      | Killed a black bear
  4057 | D:4      | Reached XP level 6. HP: 32/32 MP: 5/13
  4502 | D:4      | Noticed a black bear
  4508 | D:4      | Killed a black bear
  4509 | D:4      | Reached skill level 6 in Fire Magic
  4755 | D:5      | Entered Level 5 of the Dungeon
  4802 | D:5      | Reached XP level 7. HP: 36/36 MP: 9/14
  4842 | D:5      | Found a staircase to the Ecumenical Temple.
  4857 | Temple   | Entered the Ecumenical Temple
  4875 | Temple   | Became a worshipper of Vehumet
  5069 | D:5      | Reached skill level 7 in Fire Magic
  5418 | D:5      | You are sucked into a shaft and drop 1 floor!
  5432 | D:5      | Found an opulent altar of Gozag.
  5865 | D:6      | Found a hazy altar of Hepliaklqana.
  6112 | D:6      | Reached skill level 8 in Fire Magic
  6246 | D:6      | Reached XP level 8. HP: 41/41 MP: 11/16
  6889 | D:7      | Reached * piety under Vehumet
  6889 | D:7      | Offered knowledge of Shock by Vehumet.
  6939 | D:7      | Learned a level 1 spell: Shock
  6953 | D:7      | Noticed a shadow
  6961 | D:7      | Killed a shadow
  6962 | D:7      | Reached skill level 9 in Fire Magic
  6962 | D:7      | Reached skill level 1 in Air Magic
  7111 | D:7      | Reached skill level 10 in Fire Magic
  7460 | D:7      | Found a white marble altar of Elyvilon.
  7760 | D:8      | Reached XP level 9. HP: 17/45 MP: 4/17
  7761 | D:8      | Reached skill level 11 in Fire Magic
  7762 | D:8      | Slain by a bullfrog

Illustrated notes

Levels and vault maps discovered:
D:1:      matt_arrival_los_fun, layout_loops_ring, ebering_ecumenical_altar_hall
D:2:      layout_basic
D:3:      layout_loops_ring, nicolae_overflow_ecumenical_swirl,
          mainiacjoe_overflow_six_doors_small
D:4:      layout_basic, grunt_ministairs_1, dk_rats_in_the_wall
D:5:      layout_basic, nicolae_gozag_seed_capital, minmay_temple_entry_glass,
          minmay_stone_trees_small
D:6:      layout_loops_ring, overflow_temple_1_default
D:7:      layout_cave_pools, lemuel_coloured_pillars_altar, minivault_10
D:8:      layout_basic, david_lair_generic, gammafunk_ghost_necromancy
Temple:   lightli_temple_of_artemis

Skill      XL: |  1  2  3  4  5  6  7  8  9 |
---------------+----------------------------+-----
Fire Magic     | 4 5 6 8 10 11 | 11.0
Spellcasting   | 3 4 |  4.9
Conjurations   | 2 3 |  3.2
Air Magic      | 2 |  2.1
Dodging        | |  2.1
Stealth        | |  2.0

Action                   |  1- 3 |  4- 6 |  7- 9 || total
-------------------------+-------+-------+-------++-------
Melee: Dagger            |    29 |    25 |    11 ||    65
       Peck              |     2 |     3 |       ||     5
       Unarmed           |     1 |       |       ||     1
       Kick              |     6 |     6 |     4 ||    16
       Punch             |     1 |       |       ||     1
 Cast: Foxfire           |    14 |     4 |       ||    18
       Scorch            |    16 |    56 |    94 ||   166
       Shock             |       |       |     2 ||     2
  Use: Scroll            |     4 |     1 |     5 ||    10
 Stab: Sleeping          |     3 |       |       ||     3
Armor: Robe              |     9 |     5 |     5 ||    19
Dodge: Dodged            |    13 |    28 |    31 ||    72

Table legend: (Time is in decaauts)
 A = Elapsed time spent in this place.
 B = Non-inter-level travel time spent in this place.
 C = Inter-level travel time spent in this place.
 D = Time resting spent in this place.
 E = Time spent auto-exploring this place.
 F = Levels seen in this place.
 G = Mean time per level.
                   A        B        C        D        E       F      G
               +--------+--------+--------+--------+--------+-----+--------+
         Total |   7461 |   7175 |    286 |    625 |   5674 |   9 |  829.0 |
       Dungeon |   7421 |   7135 |    286 |    625 |   5674 |   8 |  927.6 |
        Temple |     39 |     39 |      0 |      0 |      0 |   1 |   39.0 |
               +--------+--------+--------+--------+--------+-----+--------+

Top non-repeatable levels by time:
     D:1: 1305 daAuts
     D:2: 1190 daAuts
     D:3: 1095 daAuts
     D:4: 1049 daAuts
     D:6: 990 daAuts
     D:5: 966 daAuts
     D:7: 793 daAuts
  Temple: 39 daAuts
     D:8: 32 daAuts
